Map: Abyssal Reef LE

Players

JonSnow - Winner!

  • Race: Zerg Zerg
  • Spawn Location: 5:00

Optimus

  • Race: Terran Terran
  • Spawn Location: 11:00

Event: WCS Austin 2017

VOD

Have the link to the VOD?

Description

Time

  • Played on: April 28, 2017, 8:44 p.m.
  • Length: 6:27

All games in this series

Show
View Real Time Build Order
Export as new Build Order

JonSnow Zerg - Winner!

Build Orders: Pool First 

Get SALT Encoding   

  12  0:01  Drone  
  13  0:14  Overlord  
  14  0:21  Drone  
  14  0:32  Drone x2  
  16  0:37  Drone  
  16  0:41  Extractor  
  16  0:46  Drone  
  17  0:53  Spawning Pool  
  16  0:57  Drone  
  17  1:17  Hatchery  
  16  1:23  Drone  
  17  1:40  Queen, Zergling x2  
  17  1:44  Metabolic Boost  
  20  1:51  Overlord  
  20  1:55  Drone  
  20  2:00  Drone  
  22  2:15  Queen  
  22  2:16  Drone x2  
  26  2:25  Drone  
  26  2:29  Queen  
  29  2:32  Drone  
  29  2:35  Drone  
  31  2:47  Zergling x4  
  31  2:48  Zergling x2  
  34  2:52  Drone x2  
  34  2:57  Overlord  
  35  3:04  Drone  
  36  3:12  Hatchery  
  35  3:13  Drone  
  35  3:16  Drone x2  
  38  3:20  Drone  
  38  3:23  Drone  
  40  3:27  Overlord  
  40  3:30  Drone x2  
  41  3:41  Zergling x2  
  41  3:42  Zergling x2  
  41  3:46  Extractor  
  41  3:47  Roach Warren  
  40  3:50  Zergling x2  
  40  3:51  Zergling x6  
  40  3:53  Drone  
  44  4:02  Drone x4  
  48  4:09  Overlord  
  47  4:12  Drone  
  47  4:16  Extractor  
  47  4:22  Overlord  
  47  4:23  Overlord  
  46  4:27  Drone  
  46  4:29  Roach x2  
  46  4:30  Roach  
  53  4:33  Roach  
  53  4:36  Roach  
  57  4:39  Overlord  
  57  4:41  Overlord  
  57  4:42  Drone  
  57  4:43  Drone x2  
  60  4:50  Roach x2  
  64  4:54  Roach x3  
  70  5:00  Roach x2  
  70  5:01  Zergling x2  
  70  5:06  Zergling x2  
  76  5:12  Zergling x2  
  76  5:13  Zergling x8  
  81  5:17  Overlord  
  81  5:21  Overlord  
  80  5:32  Drone  
  81  5:42  Ravager x4  
  85  5:44  Ravager  
  85  5:48  Zergling x18  
  96  5:50  Ravager  
  96  5:54  Zergling x2  
  95  6:05  Overlord  
Show
View Real Time Build Order
Export as new Build Order

Optimus Terran 

Build Orders: Hellion Opening, Reaper Expand 

Get SALT Encoding   

  12  0:00  SCV  
  13  0:12  SCV  
  14  0:17  Supply Depot  
  14  0:24  SCV  
  15  0:29  Refinery  
  15  0:38  SCV  
  16  0:44  Barracks  
  16  0:50  SCV  
  17  1:02  SCV  
  18  1:15  SCV  
  19  1:30  Orbital Command  
  19  1:31  Reaper  
  20  1:42  Command Center  
  20  1:53  Factory  
  20  1:57  SCV  
  21  2:06  Barracks Reactor  
  21  2:07  Supply Depot  
  21  2:10  SCV  
  21  2:15  Refinery  
  22  2:22  SCV  
  23  2:34  SCV  
  24  2:43  Starport  
  24  2:46  SCV  
  24  2:47  Hellion x2  
  29  2:56  Barracks Tech Lab  
  29  3:03  SCV  
  30  3:05  Orbital Command  
  30  3:12  Hellion  
  34  3:13  Hellion  
  34  3:16  SCV  
  35  3:25  Viking  
  37  3:28  SCV  
  37  3:31  SCV  
  39  3:40  SCV  
  37  3:42  Hellion  
  37  3:43  Hellion, SCV  
  42  3:52  SCV  
  42  3:53  Supply Depot  
  43  3:55  SCV  
  43  3:56  Raven  
  46  4:14  Supply Depot  
  46  4:15  Hellion, SCV x2  
  49  4:27  SCV x2  
  49  4:29  Hellion  
  49  4:30  Armory  
  53  4:36  Hellion  
  53  4:37  Supply Depot  
  55  4:39  Raven, SCV x2  
  59  4:46  Supply Depot  
  59  4:51  SCV  
  60  5:03  SCV  
  60  5:04  Command Center  
  61  5:09  SCV  
  61  5:12  Barracks Tech Lab  
  62  5:16  SCV  
  62  5:17  Barracks  
  62  5:18  Barracks  
  62  5:21  SCV  
  64  5:24  Factory Reactor  
  64  5:27  Refinery  
  64  5:28  Engineering Bay, SCV  
  65  5:32  Starport Reactor, Engineering Bay  
  65  5:38  SCV  
  65  5:40  SCV  
  65  5:42  Marine  
  68  5:50  SCV  
  68  5:52  SCV  
  70  6:02  SCV  
  73  6:04  SCV  
  73  6:14  SCV  
Tags
 
Add a new tag
Caveats
  • Supply blocks, unpowered buildings, or Contaminate may cause inaccurate times.
  • Supply counts are checked every 10 seconds.